 Dungeon Sprint DCSS version 0.29.1-2-gbd0b4ee654 (webtiles) character file.

Game seed: 14419975971670808504

32500000 Ashen the Conqueror (level 27, -43/228 HPs)
             Began as a Djinni Warper on Oct 25, 2022.
             Was the Champion of Makhleb.
             Killed by the air
             ... invoked by The Unspeakable
              (88 damage)
             ... in the Dungeon (Sprint VIII: "Arena of Blood").
             The game lasted 00:13:18 (325 turns).

Ashen the Conqueror (Djinni Warper)                  Turns: 325, Time: 00:13:18

Health: -43/228    AC: 12    Str: 10    XL:     27
Gold:   0          EV: 24    Int: 29    God:    Makhleb [******] SH:  0 Dex: 13

rFire   + + +      SeeInvis +   i - +∞ Axe of Woe
rCold   . . .      Faith    .   (shield currently unavailable)
rNeg    + + +      Spirit   .   b - +0 leather armour
rPois   ∞          Reflect  .   (no helmet)
rElec   .          Harm     .   (no cloak)
rCorr   .          Rampage  .   (no gloves)
Will    +++..      NoTele   +   (boots unavailable)
Stlth   +++.......              (no amulet)
HPRegen 0.48/turn               j - ring of see invisible
MPRegen 0.00/turn               k - ring of protection from fire

@: confused, lich-form, flying
A: draining attack, torment immunity, no potions, flying, sickness immunity,
fire resistance 2, cold vulnerability 1, float, innate caster, HP casting, extra
vitality 1
a: End Transformation, Renounce Religion, Minor Destruction, Lesser Servant of
Makhleb, Major Destruction, Greater Servant of Makhleb


You were in the Dungeon.
You worshipped Makhleb.
Makhleb was exalted by your worship.
You were an undead lich.
You visited 1 branch

Inventory:

Hand Weapons
 a - a +0 hand axe
 i - the +∞ Axe of Woe (weapon)
   (You found it in the Dungeon)
Missiles
 d - 7 boomerangs of dispersal (quivered)
Armour
 b - a +0 leather armour (worn)
Jewellery
 j - a ring of see invisible (left hand)
 k - a ring of protection from fire (right hand)
Scrolls
 c - 2 scrolls of blinking
Potions
 e - a potion of curing
 f - a potion of heal wounds
 g - a potion of haste
 h - a potion of berserk rage


   Skills:
 O Level 27 Fighting
 O Level 27 Short Blades
 O Level 27 Long Blades
 O Level 27 Axes
 O Level 27 Maces & Flails
 O Level 27 Polearms
 O Level 27 Staves
 O Level 27 Ranged Weapons
 O Level 27 Throwing
 O Level 27 Armour
 O Level 27 Dodging
 O Level 27 Stealth
 O Level 27 Shields
 O Level 27 Unarmed Combat
 O Level 27 Spellcasting
 O Level 27 Invocations
 O Level 27 Evocations


You couldn't memorise any spells.
You knew the following spells:

 Your Spells              Type           Power      Damage    Failure   Level
a - Blink                 Tloc           100%       N/A       0%          2
b - Lesser Beckoning      Tloc           100%       N/A       0%          3
c - Gell's Gravitas       Tloc           100%       N/A       0%          3
d - Teleport Other        Tloc           100%       N/A       0%          3
e - Manifold Assault      Tloc           100%       N/A       0%          5
f - Foxfire               Conj/Fire      100%       2x1d9     0%          1
g - Searing Ray           Conj           100%       2d8       0%          2
h - Portal Projectile     Hex/Tloc       100%       N/A       0%          3
i - Ice Form              Ice/Tmut       100%       N/A       0%          4
j - Dispel Undead         Necr           100%       3d31      0%          4
k - Summon Mana Viper     Hex/Summ       100%       N/A       0%          5
l - Dispersal             Tloc           57%        N/A       0%          6
m - Monstrous Menagerie   Summ           57%        N/A       0%          7
n - Storm Form            Tmut/Air       57%        N/A       0%          7
o - Lehudib's Crystal Sp  Conj/Erth      57%        10d13     1%          8
p - Necromutation         Tmut/Necr      69%        N/A       1%          8
q - Disjunction           Tloc           57%        N/A       1%          8
r - Chain Lightning       Conj/Air       57%        3d76      1%          9
Your spell library was empty.

Dungeon Overview and Level Annotations

Branches:
Dungeon (1/1)

Altars:
Makhleb


Innate Abilities, Weirdness & Mutations

You are an undead lich.
Your unarmed attacks are suffused with negative energy.
You are immune to unholy pain and torment.
Your necromantic spells are more powerful.
You cannot drink.
You are flying.
You are immune to sickness and miasma.
You are immune to poison.
Your flesh is very heat resistant. (rF++)
You are vulnerable to cold. (rC-)
You float through the air rather than walking.
You learn spells naturally, not from books.
Your magical power is your life essence.
You have superior vitality. (+4 MHP)


Message History

You feel better.
You slash the vile! You chop the vile into pieces.
You destroy the vile!
Makhleb accepts your kill.
You feel better.
You hit the vile. You chop the vile into pieces.
You destroy the vile!
Makhleb accepts your kill.
You feel better.
You hear a roar!
You hear a shout! x2; You hear two shouts!
You hear a roar!
You barely resist.
You hear a shout!
Something smites you!
A bag of meat comes into view. It is wielding a +9 war axe.
The destroyer casts a spell at you.
The destroyer blinks!
The destroyer gestures at you while chanting.
The destroyer blinks!
A fleshlord comes into view. It is wielding a +9 great mace. x2
A starcursed mass splits.
You hear a shout!
A wretched soul comes into view.
The vile attacks as you move away! The vile hits you with a +0 flail.
You are engulfed in flames!!
You resist. The vile attacks as you move away! The vile misses you.
A bag of meat, an eight-headed meat hydra, a fleshlord and a vile come into view.
The bag of meat shouts!
You hear a shout!
A vile comes into view. It is wielding a +0 flail.
You barely resist.
A bag of meat comes into view. It is wielding a +9 war axe.
You barely resist.
The destroyer hits you with a +9 vorpal great sword!!!!
The destroyer bites you. The vile misses you.
You hear a shout!
The fleshlord casts a spell.
The fleshlord seems to speed up.
You hear a shout!
The vile hits you with a +0 flail.
You are engulfed in flames!!
You resist.
* * * LOW HITPOINT WARNING * * *
The Unspeakable waves its pseudopods in wide circles.
The air twists around and strikes you!!!!
You die...

## ##.## ##.##.## ##. #...#
##.###...## ##...#..#..##
#######...#..##...##
....=.....).#.).#...#
..W.o9D..VV.....##..##
.##o.999L))..)))).#).##
XJ.O.9o99)..))..).....###
Xp.oS2p....9).).......).#
.☼§.o..)).)).)9)...).)....).
))☼)W§W)9#))))))..)#.....)...
.....DWo...)9).p)....)......)
.))))p.9.o..)))†...).)))))...
#..))po)....)......)))))#)...
..........)..)...)......))).)))).


You could see a meat beast (fast), 2 eight-headed meat hydras, 2 destroyers, a
scourge, 5 fleshlords, The Unspeakable (fast), a dread, 12 viles, a meat
berserker (berserk), 2 wretched souls and 8 bags of meat.

Vanquished Creatures
  47 molten gargoyles (D)
  27 hell knights (D)
  Sigmund (D)
  18 hell beasts (D)
  15 royal mummies (D)
  24 great orbs of eyes (D)
  27 wraiths (D)
  Harold (D)
  22 vampire knights (D)
  60 ogres (D)
  15 two-headed ogres (D)
  15 liches (D)
  27 hydras (D)
  24 phantoms (D)
  118 orcs (D)
  19 skeletal warriors (D)
  27 sea snakes (D)
487 creatures vanquished.

Notes
Turn   | Place    | Note
-------+----------+-------------------------------------------
     0 | D        | Found the +∞ Axe of Woe
     0 | D        | Ashen the Djinni Warper began the quest for the Orb.
     0 | D        | Ashen set off with the following spells memorised: Blink,
                  | Lesser Beckoning, Gell's Gravitas, Teleport Other, Manifold
                  | Assault.
     0 | D        | Reached XP level 1. HP: 18/18 MP: 0/0
     3 | D        | Became a worshipper of Makhleb the Destroyer
     4 | D        | Noticed a bag of meat
     5 | D        | Noticed a bag of meat
     6 | D        | Noticed a meat berserker
     7 | D        | Killed a bag of meat
     8 | D        | Reached skill level 15 in Fighting
     8 | D        | Reached XP level 2. HP: 43/43 MP: 0/0
     8 | D        | Reached XP level 3. HP: 49/49 MP: 0/0
     8 | D        | Learned a level 1 spell: Foxfire
     8 | D        | Reached XP level 4. HP: 55/55 MP: 0/0
     8 | D        | Reached XP level 5. HP: 60/60 MP: 0/0
     8 | D        | Learned a level 2 spell: Searing Ray
     8 | D        | Reached XP level 6. HP: 67/67 MP: 0/0
     8 | D        | Reached XP level 7. HP: 72/72 MP: 0/0
     8 | D        | Learned a level 3 spell: Portal Projectile
     8 | D        | Reached XP level 8. HP: 78/78 MP: 0/0
     8 | D        | Reached XP level 9. HP: 84/84 MP: 0/0
     8 | D        | Learned a level 4 spell: Ice Form
     8 | D        | Reached XP level 10. HP: 90/90 MP: 0/0
     8 | D        | Reached XP level 11. HP: 95/95 MP: 0/0
     8 | D        | Learned a level 4 spell: Dispel Undead
     8 | D        | Killed a meat berserker
     8 | D        | Reached * piety under Makhleb
     8 | D        | Noticed a bag of meat
     9 | D        | Reached skill level 15 in Spellcasting
     9 | D        | Reached XP level 12. HP: 110/110 MP: 0/0
     9 | D        | Reached XP level 13. HP: 115/115 MP: 0/0
     9 | D        | Learned a level 5 spell: Summon Mana Viper
     9 | D        | Killed a bag of meat
     9 | D        | Killed a bag of meat
     9 | D        | Noticed a bag of meat
    10 | D        | Reached XP level 14. HP: 128/128 MP: 0/0
    10 | D        | Killed a bag of meat
    10 | D        | Reached ** piety under Makhleb
    10 | D        | Noticed a meat berserker
    11 | D        | Killed a meat berserker
    11 | D        | Noticed a bag of meat
    12 | D        | Reached XP level 15. HP: 133/138 MP: 0/0
    12 | D        | Learned a level 6 spell: Dispersal
    12 | D        | Noticed a meat berserker
    13 | D        | Noticed a meat berserker
    13 | D        | Noticed a meat berserker
    13 | D        | Noticed a meat berserker
    14 | D        | Killed a meat berserker
    14 | D        | Reached *** piety under Makhleb
    14 | D        | Killed a meat berserker
    15 | D        | Reached skill level 27 in Fighting
    15 | D        | Reached XP level 16. HP: 154/154 MP: 0/0
    15 | D        | Noticed a meat berserker
    16 | D        | Noticed a meat berserker
    16 | D        | Noticed a meat berserker
    16 | D        | Reached **** piety under Makhleb
    16 | D        | Killed a meat berserker
    16 | D        | Reached ***** piety under Makhleb
    17 | D        | Reached XP level 17. HP: 160/160 MP: 0/0
    17 | D        | Learned a level 7 spell: Monstrous Menagerie
    17 | D        | Killed a meat berserker
    18 | D        | Reached skill level 27 in Axes
    18 | D        | Reached XP level 18. HP: 167/167 MP: 0/0
    18 | D        | Killed a meat berserker
    19 | D        | Reached skill level 27 in Spellcasting
    19 | D        | Reached skill level 5 in Armour
    20 | D        | Reached skill level 10 in Armour
    20 | D        | Reached XP level 19. HP: 174/174 MP: 0/0
    20 | D        | Learned a level 7 spell: Storm Form
    20 | D        | Killed a meat berserker
    21 | D        | Reached skill level 27 in Dodging
    21 | D        | Noticed a meat berserker
    21 | D        | Noticed a meat berserker
    21 | D        | Noticed a large bag of meat
    22 | D        | Reached ****** piety under Makhleb
    22 | D        | Noticed a large bag of meat
    22 | D        | Noticed a meat berserker
    23 | D        | Reached XP level 20. HP: 181/181 MP: 0/0
    24 | D        | Killed a meat berserker
    24 | D        | Killed a large bag of meat
    24 | D        | Killed a meat berserker
    24 | D        | Killed a large bag of meat
    24 | D        | Noticed a large bag of meat
    24 | D        | Noticed a meat berserker
    25 | D        | Reached skill level 27 in Throwing
    25 | D        | Reached skill level 27 in Armour
    25 | D        | Reached XP level 21. HP: 187/187 MP: 0/0
    25 | D        | Learned a level 8 spell: Lehudib's Crystal Spear
    25 | D        | Killed a meat berserker
    25 | D        | Killed a meat berserker
    26 | D        | Reached skill level 10 in Maces & Flails
    26 | D        | Reached skill level 10 in Polearms
    26 | D        | Reached XP level 22. HP: 194/194 MP: 0/0
    26 | D        | Noticed a meat berserker
    26 | D        | Noticed a meat berserker
    27 | D        | Killed a large bag of meat
    27 | D        | Killed a meat berserker
    27 | D        | Killed a meat berserker
    27 | D        | Noticed a destroyer
    27 | D        | Noticed a meat berserker
    28 | D        | Reached skill level 15 in Maces & Flails
    28 | D        | Reached skill level 15 in Polearms
    28 | D        | Killed a destroyer
    28 | D        | Killed a meat berserker
    28 | D        | Killed a meat berserker
    29 | D        | Reached XP level 23. HP: 201/201 MP: 0/0
    29 | D        | Learned a level 8 spell: Necromutation
    30 | D        | Noticed a large bag of meat
    31 | D        | Killed a large bag of meat
    32 | D        | Reached XP level 24. HP: 208/208 MP: 0/0
    35 | D        | Noticed a destroyer
    36 | D        | Killed a destroyer
    37 | D        | Reached skill level 27 in Unarmed Combat
    37 | D        | Reached skill level 27 in Invocations
    37 | D        | Reached XP level 25. HP: 214/214 MP: 0/0
    37 | D        | Learned a level 8 spell: Disjunction
    37 | D        | Noticed a large bag of meat
    37 | D        | Noticed a destroyer
    38 | D        | Killed a destroyer
    38 | D        | Killed a large bag of meat
    39 | D        | Reached skill level 27 in Maces & Flails
    39 | D        | Reached skill level 27 in Polearms
    39 | D        | Reached skill level 27 in Stealth
    39 | D        | Noticed a large bag of meat
    40 | D        | Killed a large bag of meat
    41 | D        | Reached XP level 26. HP: 221/221 MP: 0/0
    41 | D        | Noticed a destroyer
    45 | D        | Killed a destroyer
    46 | D        | Reached skill level 27 in Staves
    46 | D        | Noticed a tyrant
    46 | D        | Killed a tyrant
    47 | D        | Reached skill level 15 in Shields
    47 | D        | Reached skill level 15 in Evocations
    47 | D        | Reached XP level 27. HP: 228/228 MP: 0/0
    47 | D        | Learned a level 9 spell: Chain Lightning
    48 | D        | Noticed an accursed
    48 | D        | Noticed a large bag of meat
    49 | D        | Reached skill level 15 in Short Blades
    49 | D        | Reached skill level 15 in Long Blades
    49 | D        | Noticed an accursed
    49 | D        | Killed an accursed
    49 | D        | Killed an accursed
    49 | D        | Killed a large bag of meat
    52 | D        | Noticed a tyrant
    52 | D        | Killed a tyrant
    53 | D        | Noticed a large bag of meat
    54 | D        | Killed a large bag of meat
    54 | D        | Noticed a tyrant
    55 | D        | Killed a tyrant
    55 | D        | Noticed a tyrant
    56 | D        | Killed a tyrant
    57 | D        | Reached skill level 27 in Shields
    57 | D        | Reached skill level 27 in Evocations
    58 | D        | Reached skill level 27 in Short Blades
    58 | D        | Reached skill level 27 in Long Blades
    59 | D        | Noticed a destroyer
    59 | D        | Noticed a large bag of meat
    59 | D        | Noticed a large bag of meat
    59 | D        | Noticed a tyrant
    59 | D        | Noticed a tyrant
    60 | D        | Noticed a dread
    60 | D        | Killed a large bag of meat
    60 | D        | Killed a dread
    60 | D        | Killed a tyrant
    61 | D        | Reached skill level 27 in Ranged Weapons
    61 | D        | Noticed an accursed
    63 | D        | Killed a tyrant
    63 | D        | Killed an accursed
    64 | D        | Killed a large bag of meat
    64 | D        | Killed a destroyer
    64 | D        | Noticed a tyrant
    65 | D        | Noticed a dread
    65 | D        | Killed a dread
    65 | D        | Noticed a tyrant
    66 | D        | Noticed a meat beast
    66 | D        | Killed a tyrant
    67 | D        | Noticed a meat beast
    68 | D        | Killed a meat beast
    69 | D        | Noticed a dread
    69 | D        | Killed a tyrant
    70 | D        | Killed a dread
    71 | D        | Killed a meat beast
    73 | D        | Noticed The Servant
    74 | D        | Noticed a dread
    76 | D        | Killed a dread
    77 | D        | Noticed a dread
    78 | D        | Killed The Servant
    79 | D        | Killed a dread
    85 | D        | Noticed a meat beast
    85 | D        | Killed a meat beast
    88 | D        | Noticed an accursed
    88 | D        | Killed an accursed
    89 | D        | Noticed a dread
    91 | D        | Killed a dread
    93 | D        | Noticed an accursed
    95 | D        | Killed an accursed
    97 | D        | Noticed a destroyer
    97 | D        | Noticed a tyrant
    98 | D        | Killed a destroyer
    98 | D        | Killed a tyrant
   101 | D        | Noticed a dread
   101 | D        | Killed a dread
   112 | D        | Noticed a fleshlord
   112 | D        | Killed a fleshlord
   114 | D        | Noticed a fleshlord
   114 | D        | Killed a fleshlord
   114 | D        | Noticed a destroyer
   116 | D        | Killed a destroyer
   117 | D        | Noticed a large bag of meat
   118 | D        | Noticed a fleshlord
   118 | D        | Killed a fleshlord
   118 | D        | Killed a large bag of meat
   119 | D        | Noticed a fleshlord
   119 | D        | Killed a fleshlord
   121 | D        | Noticed a fleshlord
   121 | D        | Killed a fleshlord
   121 | D        | Noticed a fleshlord
   122 | D        | Killed a fleshlord
   124 | D        | Noticed a tyrant
   125 | D        | Noticed a fleshlord
   125 | D        | Noticed a fleshlord
   125 | D        | Killed a fleshlord
   125 | D        | Killed a fleshlord
   130 | D        | Noticed a fleshlord
   131 | D        | Killed a fleshlord
   132 | D        | Noticed a destroyer
   133 | D        | Killed a destroyer
   135 | D        | Noticed a fleshlord
   136 | D        | Noticed a destroyer
   136 | D        | Noticed a meat beast
   139 | D        | Killed a meat beast
   139 | D        | Noticed a dread
   140 | D        | Killed a dread
   140 | D        | Killed a destroyer
   140 | D        | Killed a fleshlord
   142 | D        | Killed a tyrant
   144 | D        | Noticed a large bag of meat
   145 | D        | Killed a large bag of meat
   145 | D        | Noticed a destroyer
   147 | D        | Killed a destroyer
   148 | D        | Noticed a destroyer
   149 | D        | Killed a destroyer
   152 | D        | Noticed a destroyer
   152 | D        | Noticed a destroyer
   152 | D        | Noticed a destroyer
   153 | D        | Noticed a meat beast
   153 | D        | Killed a destroyer
   153 | D        | Killed a destroyer
   153 | D        | Killed a destroyer
   153 | D        | Killed a meat beast
   155 | D        | Noticed a meat beast
   156 | D        | Noticed a dread
   156 | D        | Killed a dread
   156 | D        | Killed a meat beast
   157 | D        | Noticed a fleshlord
   158 | D        | Killed a fleshlord
   158 | D        | Noticed a tyrant
   159 | D        | Killed a tyrant
   159 | D        | Noticed a meat beast
   160 | D        | Killed a meat beast
   163 | D        | Noticed a dread
   165 | D        | Killed a dread
   172 | D        | Noticed a dread
   177 | D        | Killed a dread
   181 | D        | Noticed a fleshlord
   182 | D        | Killed a fleshlord
   189 | D        | Noticed an accursed
   190 | D        | Noticed a fleshlord
   191 | D        | Noticed a large bag of meat
   191 | D        | Killed an accursed
   191 | D        | Killed a large bag of meat
   191 | D        | Noticed a meat beast
   192 | D        | Killed a meat beast
   193 | D        | Killed a fleshlord
   193 | D        | Noticed a meat beast
   194 | D        | Killed a meat beast
   195 | D        | Noticed an accursed
   196 | D        | Killed an accursed
   199 | D        | Noticed a tyrant
   200 | D        | Killed a tyrant
   203 | D        | Noticed a meat beast
   203 | D        | Noticed a fleshlord
   203 | D        | Noticed a dread
   204 | D        | Killed a meat beast
   204 | D        | Killed a fleshlord
   204 | D        | Noticed a destroyer
   204 | D        | Noticed an accursed
   205 | D        | Killed an accursed
   205 | D        | Killed a dread
   205 | D        | Noticed a meat beast
   206 | D        | Killed a meat beast
   206 | D        | Killed a destroyer
   206 | D        | Noticed a large bag of meat
   207 | D        | Noticed The Captor
   207 | D        | Noticed a meat beast
   208 | D        | Killed The Captor
   208 | D        | Killed a meat beast
   208 | D        | Killed a large bag of meat
   208 | D        | Noticed a dread
   209 | D        | Killed a dread
   210 | D        | Noticed an accursed
   211 | D        | Noticed a fleshlord
   212 | D        | Noticed a meat beast
   212 | D        | Noticed an accursed
   212 | D        | Noticed a dread
   212 | D        | Noticed a meat beast
   213 | D        | Killed an accursed
   213 | D        | Killed a meat beast
   214 | D        | Noticed a dread
   214 | D        | Killed a dread
   214 | D        | Killed a dread
   214 | D        | Noticed a dread
   215 | D        | Killed a fleshlord
   216 | D        | Killed a meat beast
   216 | D        | Killed an accursed
   216 | D        | Noticed a dread
   216 | D        | Noticed a tyrant
   217 | D        | Killed a dread
   217 | D        | Killed a tyrant
   217 | D        | Noticed a meat beast
   217 | D        | Noticed a meat beast
   217 | D        | Noticed a dread
   218 | D        | Killed a meat beast
   218 | D        | Killed a dread
   218 | D        | Noticed a meat beast
   219 | D        | Killed a meat beast
   219 | D        | Killed a dread
   219 | D        | Noticed a destroyer
   220 | D        | Killed a meat beast
   220 | D        | Killed a destroyer
   220 | D        | Noticed a vile
   220 | D        | Noticed a vile
   221 | D        | Killed a vile
   221 | D        | Killed a vile
   224 | D        | Noticed a dread
   224 | D        | Noticed a fleshlord
   225 | D        | Killed a fleshlord
   225 | D        | Killed a dread
   225 | D        | Noticed an accursed
   226 | D        | Killed an accursed
   226 | D        | Noticed a destroyer
   227 | D        | Killed a destroyer
   230 | D        | Noticed a fleshlord
   230 | D        | Killed a fleshlord
   230 | D        | Noticed a dread
   231 | D        | Killed a dread
   234 | D        | Noticed a vile
   234 | D        | Noticed a fleshlord
   235 | D        | Killed a vile
   235 | D        | Killed a fleshlord
   235 | D        | Noticed a meat beast
   235 | D        | Noticed a large bag of meat
   236 | D        | Noticed a vile
   236 | D        | Killed a vile
   236 | D        | Killed a meat beast
   236 | D        | Killed a large bag of meat
   236 | D        | Noticed a vile
   241 | D        | Noticed a dread
   241 | D        | Noticed a destroyer
   242 | D        | Noticed a vile
   242 | D        | Killed a destroyer
   242 | D        | Killed a vile
   242 | D        | Killed a dread
   242 | D        | Noticed an accursed
   243 | D        | Noticed a vile
   243 | D        | Killed a vile
   243 | D        | Killed an accursed
   243 | D        | Killed a vile
   244 | D        | Noticed an accursed
   244 | D        | Noticed an accursed
   245 | D        | Killed an accursed
   245 | D        | Noticed a destroyer
   245 | D        | Noticed a fleshlord
   246 | D        | Killed a destroyer
   246 | D        | Killed a fleshlord
   246 | D        | Killed an accursed
   246 | D        | Noticed a fleshlord
   246 | D        | Noticed a destroyer
   247 | D        | Killed a fleshlord
   247 | D        | Noticed a fleshlord
   247 | D        | Noticed a fleshlord
   248 | D        | Noticed a vile
   248 | D        | Killed a fleshlord
   248 | D        | Killed a vile
   249 | D        | Killed a destroyer
   249 | D        | Killed a fleshlord
   251 | D        | Noticed a vile
   252 | D        | Killed a vile
   253 | D        | Noticed a destroyer
   253 | D        | Noticed a dread
   254 | D        | Noticed a vile
   254 | D        | Noticed a vile
   254 | D        | Killed a vile
   254 | D        | Killed a destroyer
   255 | D        | Killed a dread
   255 | D        | Killed a vile
   259 | D        | Noticed a dread
   259 | D        | Noticed a dread
   259 | D        | Noticed a vile
   260 | D        | Killed a dread
   260 | D        | Killed a vile
   260 | D        | Noticed a destroyer
   261 | D        | Noticed a vile
   261 | D        | Killed a dread
   262 | D        | Killed a destroyer
   263 | D        | Noticed a vile
   263 | D        | Killed a vile
   263 | D        | Killed a vile
   263 | D        | Noticed a vile
   263 | D        | Noticed a vile
   265 | D        | Killed a vile
   267 | D        | Noticed a vile
   269 | D        | Noticed a vile
   269 | D        | Killed a vile
   272 | D        | Noticed a vile
   273 | D        | Noticed a vile
   273 | D        | Noticed a fleshlord
   273 | D        | Killed a vile
   273 | D        | Killed a vile
   273 | D        | Killed a vile
   273 | D        | Killed a vile
   273 | D        | Noticed a vile
   274 | D        | Killed a vile
   275 | D        | Killed a fleshlord
   282 | D        | Noticed a vile
   283 | D        | Noticed a vile
   283 | D        | Killed a vile
   283 | D        | Killed a vile
   294 | D        | Noticed a tyrant
   294 | D        | Noticed a fleshlord
   294 | D        | Noticed a vile
   294 | D        | Noticed a vile
   294 | D        | Noticed a dread
   294 | D        | Noticed a vile
   295 | D        | Killed a vile
   295 | D        | Killed a vile
   295 | D        | Killed a fleshlord
   296 | D        | Killed a tyrant
   296 | D        | Killed a vile
   296 | D        | Killed a dread
   296 | D        | Noticed an accursed
   296 | D        | Noticed a fleshlord
   297 | D        | Killed an accursed
   297 | D        | Killed a fleshlord
   297 | D        | Noticed a fleshlord
   297 | D        | Noticed a fleshlord
   298 | D        | Killed a fleshlord
   298 | D        | Killed a fleshlord
   299 | D        | Noticed a vile
   300 | D        | Noticed a dread
   301 | D        | Killed a vile
   301 | D        | Killed a dread
   302 | D        | Noticed a vile
   303 | D        | Killed a vile
   303 | D        | Noticed a vile
   303 | D        | Noticed a tyrant
   303 | D        | Noticed a vile
   304 | D        | Killed a vile
   304 | D        | Killed a tyrant
   304 | D        | Killed a vile
   307 | D        | Noticed a vile
   308 | D        | Killed a vile
   309 | D        | Noticed a vile
   309 | D        | Noticed a dread
   310 | D        | Killed a dread
   310 | D        | Killed a vile
   311 | D        | Noticed a vile
   311 | D        | Noticed a vile
   312 | D        | Killed a vile
   312 | D        | Killed a vile
   312 | D        | Noticed a vile
   313 | D        | Killed a vile
   313 | D        | Noticed a vile
   314 | D        | Noticed a vile
   314 | D        | Killed a vile
   314 | D        | Killed a vile
   315 | D        | Noticed a vile
   315 | D        | Noticed a vile
   315 | D        | Noticed a vile
   316 | D        | Killed a vile
   316 | D        | Killed a vile
   316 | D        | Killed a vile
   316 | D        | Noticed a vile
   317 | D        | Killed a vile
   318 | D        | Noticed a vile
   318 | D        | Noticed a vile
   318 | D        | Noticed a vile
   318 | D        | Noticed a vile
   318 | D        | Noticed a vile
   318 | D        | Noticed a vile
   319 | D        | Killed a vile
   319 | D        | Killed a vile
   319 | D        | Killed a vile
   319 | D        | Noticed a vile
   320 | D        | Noticed a vile
   320 | D        | Noticed a vile
   321 | D        | Noticed a destroyer
   321 | D        | Noticed a vile
   321 | D        | Noticed a vile
   321 | D        | Noticed a vile
   321 | D        | Noticed a fleshlord
   322 | D        | Noticed a vile
   322 | D        | Noticed a vile
   322 | D        | Noticed a fleshlord
   322 | D        | Noticed a dread
   322 | D        | Noticed a vile
   322 | D        | Noticed The Unspeakable
   322 | D        | Noticed a destroyer
   323 | D        | Noticed a meat beast
   323 | D        | Noticed a vile
   323 | D        | HP: 8/228 [observer (11)]
   324 | D        | Killed a vile
   324 | D        | Killed a vile
   324 | D        | Killed a vile
   324 | D        | Noticed a fleshlord
   324 | D        | Noticed a fleshlord
   325 | D        | Noticed a fleshlord
   325 | D        | Noticed a vile
   325 | D        | Noticed a vile
   325 | D        | Killed from afar by The Unspeakable

Illustrated notes

Levels and vault maps discovered:
D:        meatsprint

Skill      XL: |  1  2  3  4  5  6  7  8  9 10 11 12 13 14 15 16 17 18 19 20 21 22 23 24 25 26 27 |
---------------+----------------------------------------------------------------------------------+-----
Fighting       | 15 18 21 23 27 | 27.0
Axes           | 13 16 18 20 23 26 27 | 27.0
Spellcasting   | 12 15 16 18 22 24 26 27 | 27.0
Throwing       | 6 13 27 | 27.0
Armour         | 10 21 27 | 27.0
Dodging        | 23 27 | 27.0
Maces & Flails | 10 18 20 24 27 | 27.0
Polearms       | 10 18 20 24 27 | 27.0
Stealth        | 11 20 22 26 27 | 27.0
Unarmed Combat | 12 21 24 27 | 27.0
Invocations    | 12 21 24 27 | 27.0
Staves         | 23 27 | 27.0
Short Blades   | 14 27 | 27.0
Long Blades    | 14 27 | 27.0
Ranged Weapons | 13 27 | 27.0
Shields        | 15 27 | 27.0
Evocations     | 15 27 | 27.0

Action                   |  1- 3 |  4- 6 |  7- 9 | 10-12 | 13-15 | 16-18 | 19-21 | 22-24 | 25-27 || total
-------------------------+-------+-------+-------+-------+-------+-------+-------+-------+-------++-------
Melee: Executioner's axe |     1 |       |       |     1 |     9 |    10 |    17 |    24 |   418 ||   480
 Cast: Manifold Assault  |       |       |       |       |     5 |     2 |     4 |     7 |   156 ||   174
       Necromutation     |       |       |       |       |       |       |       |     1 |     4 ||     5
       Chain Lightning   |       |       |       |       |       |       |       |       |     1 ||     1
 Stab: Distracted        |       |       |       |       |       |       |       |       |     1 ||     1
Armor: Leather armour    |       |       |       |       |       |       |       |       |     8 ||     8
Dodge: Dodged            |       |       |       |       |       |       |     1 |       |     9 ||    10
